Map: Ulrena

Players

Kelazhur

  • Race: Terran Terran
  • League: Diamond

lIIlllllIIII (HuK) - Winner!

  • Race: Protoss Protoss
  • League: Grandmaster

Event: NationWars III

VOD

https://www.youtube.com/watch?v=hOfCjjiADy4

Description

Time

  • Played on: Nov. 20, 2015, 5:01 p.m.
  • Length: 21:19

All games in this series

Show
View Real Time Build Order
Export as new Build Order

Kelazhur Terran 

Build Orders: MMM Bio 

Get SALT Encoding   

  12  0:00  SCV  
  13  0:13  SCV  
  14  0:17  Supply Depot  
  14  0:25  SCV  
  15  0:39  SCV  
  16  0:42  Barracks  
  16  0:44  Refinery  
  16  0:51  SCV  
  17  1:03  SCV  
  18  1:15  SCV  
  19  1:29  Orbital Command  
  19  1:30  Barracks Reactor  
  19  1:46  Command Center  
  19  1:54  SCV  
  20  2:02  Supply Depot  
  20  2:06  SCV  
  20  2:07  Marine x2  
  23  2:15  Barracks  
  23  2:23  SCV  
  23  2:25  Marine x2  
  26  2:33  Bunker  
  26  2:36  SCV  
  27  2:43  Marine x2  
  29  2:49  Factory  
  29  2:50  SCV  
  30  3:03  Orbital Command  
  30  3:09  Marine  
  30  3:10  Marine  
  30  3:12  SCV  
  32  3:15  Marine  
  33  3:24  SCV  
  33  3:26  Supply Depot  
  33  3:35  SCV  
  33  3:36  SCV  
  33  3:40  Refinery, Starport  
  35  3:43  Factory Reactor  
  35  3:47  SCV  
  35  3:48  Marine x2  
  38  3:49  Barracks Tech Lab  
  38  3:53  SCV  
  39  3:59  SCV  
  40  4:05  SCV, Marine  
  40  4:06  Marine  
  40  4:09  Supply Depot  
  43  4:11  SCV  
  43  4:16  Marine  
  43  4:17  SCV  
  43  4:19  Widow Mine x2  
  43  4:21  Medivac  
  43  4:23  Marine x2  
  43  4:24  SCV  
  52  4:29  SCV  
  51  4:32  Stimpack  
  51  4:36  SCV  
  52  4:38  Engineering Bay  
  52  4:42  SCV  
  53  4:47  Supply Depot, Marine  
  53  4:48  SCV  
  53  4:50  Marine  
  56  4:54  SCV  
  56  4:56  Marauder  
  59  5:00  SCV  
  59  5:05  Missile Turret  
  59  5:06  SCV  
  61  5:12  Supply Depot  
  61  5:18  Marine x2  
  61  5:19  SCV, Marauder  
  66  5:27  Medivac x2  
  66  5:30  Supply Depot  
  66  5:35  Refinery  
  64  5:36  Terran Infantry Weapons Level 1, Refinery  
  64  5:37  SCV  
  64  5:38  Barracks  
  64  5:40  Missile Turret  
  64  5:41  Marine x2  
  67  5:46  Marauder  
  69  5:50  SCV x2  
  71  6:02  SCV  
  72  6:06  Marine x2  
  72  6:08  Marauder  
  75  6:11  SCV  
  75  6:16  Medivac  
  75  6:17  Command Center, Medivac  
  80  6:21  SCV  
  81  6:32  Marauder  
  83  6:33  Barracks Tech Lab, Marine x2  
  83  6:34  SCV  
  82  6:47  Supply Depot  
  82  6:53  SCV, Barracks  
  82  6:54  SCV, Barracks  
  83  6:56  Medivac  
  85  7:06  Medivac  
  85  7:07  Supply Depot  
  85  7:09  Liberator  
  85  7:10  Supply Depot  
  85  7:11  Factory Reactor  
  85  7:13  Marine, Marauder x2  
  86  7:23  Liberator  
  87  7:32  Armory, Engineering Bay  
  87  7:34  SCV x2  
  89  7:43  Barracks Tech Lab  
  90  7:45  Barracks Reactor  
  90  7:48  Marauder x2, Marine  
  89  7:52  Liberator  
  85  7:58  Orbital Command  
  85  7:59  SCV x2  
  85  8:03  Marauder, Missile Turret, Marine  
  88  8:06  Liberator  
  88  8:09  Combat Shields  
  88  8:10  Concussive Shells  
  91  8:17  SCV x2  
  93  8:24  Refinery  
  97  8:34  Marauder x3, Marine x3  
  97  8:35  Liberator  
  97  8:36  SCV x3  
  97  8:38  Refinery  
  107  8:42  Supply Depot  
  107  8:48  SCV x3  
  108  8:49  Liberator  
  108  8:54  Marine x3  
  108  8:55  Marine  
  113  9:00  SCV x3  
  113  9:01  Marauder x3  
  125  9:19  Marine x4  
  125  9:23  Marauder  
  130  9:32  Marauder  
  130  9:36  Terran Infantry Armor Level 1, Terran Infantry Weapons Level 2  
  132  9:38  Supply Depot x2  
  132  9:39  Supply Depot  
  132  9:41  Liberator x2  
  133  9:46  Marauder  
  133  9:56  Marine  
  133  9:57  Marine, Marauder  
  133  9:58  Marauder  
  133  10:02  Marine x2  
  109  10:07  Marauder  
  109  10:08  SCV  
  109  10:09  SCV x2  
  109  10:10  Barracks x2  
  109  10:13  Marine  
  102  10:15  Marine  
  102  10:18  Marauder  
  102  10:19  Marauder  
  102  10:21  SCV, Marine x2  
  109  10:24  Liberator x2  
  109  10:28  Command Center, Marauder  
  112  10:30  SCV x2  
  112  10:35  Marine x2  
  116  10:40  Marauder  
  122  10:58  Barracks Tech Lab  
  122  10:59  Barracks Reactor, Marauder, Marine x3  
  122  11:00  Marine, Marauder  
  122  11:01  Marine  
  130  11:07  Liberator x2  
  129  11:15  Widow Mine x2  
  133  11:19  Marauder  
  133  11:21  Marauder x2  
  133  11:22  Starport  
  133  11:23  Marine x4  
  133  11:24  Marauder  
  151  11:39  Marine  
  152  11:40  Marauder  
  152  11:41  Terran Infantry Armor Level 2, Fusion Core  
  152  11:42  Marauder  
  152  11:43  Marine x3  
  159  11:49  Marine x2  
  159  11:50  Marauder, Liberator x2  
  163  11:56  Widow Mine x2  
  167  12:03  Missile Turret  
  170  12:12  Starport Tech Lab  
  167  12:26  Terran Infantry Weapons Level 3  
  167  12:28  Marauder  
  169  12:30  Missile Turret  
  169  12:32  Liberator  
  169  12:38  Advanced Ballistics  
  167  12:44  Planetary Fortress  
  170  12:51  Marauder  
  172  13:01  Refinery  
  172  13:03  Supply Depot x2, Liberator  
  172  13:04  Supply Depot, Refinery  
  172  13:05  Liberator  
  172  13:07  Supply Depot  
  172  13:09  Command Center  
  171  13:15  Marauder, Liberator  
  171  13:17  Marauder  
  161  13:43  Command Center  
  153  14:12  Medivac x2  
  149  14:19  Marauder x3, Marine  
  149  14:23  Marine x2, Marauder  
  113  14:25  Liberator  
  100  14:40  Marauder  
  100  14:41  Marauder  
  100  14:43  Marauder, Marine  
  100  14:44  Marauder, Marine x3  
  118  14:52  Medivac x2  
  116  15:05  Liberator x2  
  116  15:13  Marine, Marauder x4  
  125  15:15  Liberator  
  132  15:45  Planetary Fortress  
  132  15:48  Liberator  
  132  15:54  Liberator  
  132  15:57  Terran Infantry Armor Level 3  
  132  15:58  Liberator  
  132  16:01  Ghost Academy  
  132  16:10  Command Center  
  138  16:27  Marine, Marauder x4  
  138  16:28  Marine  
  138  16:30  Marine x2  
  138  16:31  Liberator  
  150  16:37  Liberator  
  150  16:41  Marine x2  
  147  16:48  Marauder x2  
  147  16:49  Marauder  
  155  16:58  Marauder, Marine  
  155  17:00  Marine  
  161  17:10  Marauder x2  
  155  17:21  Liberator  
  154  17:24  SCV  
  155  17:30  Marauder, Liberator x2  
  155  17:31  Marauder x3  
  155  17:32  Marine x2  
  155  17:36  SCV  
  164  17:48  SCV  
  159  17:52  Marauder x2  
  159  17:54  Marauder x2, Marine  
  168  18:00  SCV  
  168  18:04  Liberator  
  159  18:12  Liberator  
  159  18:13  Marauder x2  
  163  18:23  Marauder x2  
  166  18:35  Marauder x2  
  164  18:42  Liberator  
  161  18:49  Marauder  
  161  18:50  Marauder  
  158  19:01  Marauder x2  
  117  19:03  Marine  
  117  19:04  Marine  
  117  19:05  Marine  
  114  19:16  Marauder x2  
  114  19:17  Marine  
  118  19:22  Marauder  
  118  19:23  Marauder  
  123  19:25  Marine  
  121  19:32  Marine  
  121  19:35  Refinery  
  121  19:37  Refinery  
  91  20:00  Liberator  
  91  20:11  Liberator  
  89  20:15  Marauder x3  
  89  20:16  Marine  
  89  20:19  Marine x4  
  89  20:20  Marine  
  75  20:40  SCV  
  68  20:46  Marauder x2  
  68  20:49  Marine  
  73  20:52  SCV  
  64  21:04  SCV  
Show
View Real Time Build Order
Export as new Build Order

lIIlllllIIII Protoss - Winner!

Build Orders: 1 Gate Expand, Oracle Opening 

Get SALT Encoding   

  12  0:00  Probe (Chrono Boost)  
  13  0:11  Probe (Chrono Boost)  
  14  0:18  Pylon  
  14  0:23  Probe (Chrono Boost)  
  15  0:37  Probe (Chrono Boost), Gateway  
  15  0:42  Assimilator  
  16  0:47  Probe (Chrono Boost)  
  17  0:58  Probe (Chrono Boost)  
  18  1:08  Probe (Chrono Boost)  
  19  1:19  Probe (Chrono Boost)  
  20  1:27  Nexus  
  20  1:34  Cybernetics Core  
  20  1:36  Probe (Chrono Boost)  
  21  1:41  Assimilator  
  21  1:46  Probe (Chrono Boost)  
  22  1:52  Pylon  
  22  1:57  Probe (Chrono Boost)  
  23  2:11  Mothership Core (Chrono Boost), Warp Gate  
  23  2:13  Adept (Chrono Boost)  
  27  2:26  Pylon  
  27  2:29  Probe (Chrono Boost)  
  28  2:41  Stargate  
  28  2:42  Probe (Chrono Boost)  
  29  2:49  Pylon  
  29  2:50  Pylon  
  29  2:52  Probe (Chrono Boost)  
  29  2:53  Probe (Chrono Boost)  
  30  3:02  Probe (Chrono Boost)  
  30  3:04  Probe (Chrono Boost)  
  32  3:13  Probe (Chrono Boost)  
  33  3:24  Probe (Chrono Boost)  
  33  3:26  Probe (Chrono Boost)  
  34  3:28  Oracle (Chrono Boost)  
  38  3:36  Probe  
  38  3:37  Probe  
  38  3:38  Gateway  
  38  3:40  Gateway  
  38  3:44  Gateway  
  38  3:48  Probe x2 (Chrono Boost)  
  39  3:52  Pylon  
  40  4:00  Probe (Chrono Boost), Phoenix  
  40  4:01  Probe (Chrono Boost)  
  44  4:10  Probe (Chrono Boost)  
  45  4:19  Probe (Chrono Boost)  
  45  4:21  Probe (Chrono Boost)  
  47  4:30  Probe (Chrono Boost)  
  48  4:31  Assimilator  
  48  4:33  Probe (Chrono Boost)  
  48  4:34  Phoenix  
  48  4:35  Sentry  
  48  4:37  Assimilator  
  53  4:38  Twilight Council  
  53  4:41  Forge  
  53  4:43  Pylon  
  53  4:44  Probe (Chrono Boost)  
  54  4:52  Pylon  
  54  5:01  Phoenix  
  54  5:02  Probe x2 (Chrono Boost), Adept, Pylon  
  54  5:03  Adept  
  62  5:11  Adept x2  
  66  5:17  Protoss Ground Weapons Level 1  
  66  5:20  Pylon  
  66  5:30  Stalker x2  
  66  5:31  Blink (Chrono Boost)  
  70  5:38  Probe  
  71  5:47  Nexus  
  71  5:53  Templar Archives  
  68  6:04  Stalker x3  
  68  6:09  Adept  
  68  6:11  Probe  
  77  6:21  Pylon  
  77  6:22  Pylon  
  77  6:27  Adept x2  
  77  6:28  Adept  
  82  6:41  Probe x2, Psionic Storm  
  84  6:53  Probe  
  85  6:54  Stalker x4  
  93  7:11  Probe x2  
  95  7:18  Adept x2  
  95  7:19  Adept  
  99  7:25  Adept  
  99  7:27  Mothership Core  
  95  7:33  Cybernetics Core  
  93  7:39  High Templar x2  
  93  7:45  Protoss Ground Weapons Level 2  
  93  7:53  Probe, Adept x2  
  93  7:55  Probe  
  93  7:57  Probe  
  95  8:05  Probe  
  96  8:06  Probe  
  96  8:09  Probe  
  96  8:12  Photon Cannon, Assimilator  
  98  8:16  Probe, Assimilator  
  98  8:17  Probe  
  100  8:20  Gateway  
  100  8:21  Probe  
  100  8:22  Gateway  
  100  8:23  Gateway  
  100  8:26  Gateway  
  101  8:28  Probe  
  101  8:29  Probe  
  101  8:33  Probe  
  104  8:45  Stalker x4  
  112  8:52  Probe x2  
  112  8:57  Gateway  
  112  8:58  Gateway  
  112  9:01  Pylon x2  
  112  9:11  High Templar  
  112  9:12  High Templar  
  116  9:19  Probe  
  116  9:20  Pylon  
  116  9:21  Pylon  
  117  9:24  Zealot x2  
  117  9:25  Zealot x2  
  117  9:26  Pylon  
  125  9:36  Zealot x2  
  129  9:41  Phoenix  
  131  9:47  Zealot x4  
  139  9:56  Archon  
  119  10:01  Adept x3  
  119  10:02  Adept  
  101  10:08  Protoss Ground Armor Level 1  
  101  10:11  High Templar x3  
  101  10:12  High Templar  
  97  10:17  Mothership Core, Charge (Chrono Boost)  
  99  10:30  Zealot x2  
  99  10:31  Zealot x2  
  107  10:42  High Templar  
  109  10:43  High Templar  
  111  10:52  Nexus  
  111  10:55  Pylon  
  111  10:56  Pylon  
  111  10:58  Pylon  
  111  10:59  Assimilator  
  111  11:01  Zealot x3, Assimilator  
  117  11:09  High Templar x5  
  127  11:27  Photon Cannon  
  127  11:29  Photon Cannon  
  127  11:32  Photon Cannon  
  127  11:37  Zealot  
  127  11:38  Zealot x5  
  127  11:39  Resonating Glaives  
  139  11:42  Protoss Ground Weapons Level 3  
  139  11:47  Zealot x3  
  143  12:12  High Templar x2  
  143  12:13  Zealot x4  
  151  12:22  Stalker x3  
  155  12:25  Stalker  
  155  12:29  Probe  
  160  12:41  High Templar x2  
  164  12:47  Zealot x7  
  176  13:11  Zealot x8  
  178  13:34  Zealot x8  
  174  13:35  Zealot x2  
  178  13:57  Zealot x5  
  188  14:03  Archon  
  188  14:09  Zealot x5  
  120  14:32  Stalker x8  
  120  14:33  High Templar x2  
  140  14:48  Protoss Ground Armor Level 2  
  138  14:56  Robotics Facility  
  138  15:03  Stalker  
  138  15:04  Stalker x4  
  138  15:05  High Templar x2  
  152  15:25  Nexus  
  152  15:27  Assimilator  
  152  15:29  Assimilator  
  152  15:36  Zealot x3  
  152  15:37  Zealot x3  
  164  15:47  Pylon  
  164  15:48  Warp Prism (Chrono Boost)  
  164  15:49  Pylon  
  166  15:56  High Templar x5  
  176  16:01  High Templar, Archon x2  
  178  16:06  Photon Cannon  
  178  16:08  High Templar  
  178  16:09  High Templar  
  178  16:10  Photon Cannon  
  182  16:12  High Templar x2  
  186  16:22  Observer (Chrono Boost)  
  187  16:33  Photon Cannon  
  187  16:41  Observer (Chrono Boost), Zealot  
  190  16:50  Void Ray, High Templar x2  
  198  17:00  Observer (Chrono Boost)  
  199  17:05  Protoss Ground Armor Level 3  
  199  17:13  Zealot  
  199  17:18  Observer (Chrono Boost)  
  194  17:32  Zealot  
  194  17:33  Zealot x2  
  200  17:44  Archon  
  198  17:53  Stalker  
  198  17:54  Stalker  
  195  18:04  Warp Prism (Chrono Boost)  
  176  18:25  Probe x2  
  167  18:41  Probe  
  167  18:45  Archon  
  150  19:00  Archon  
  150  19:01  Zealot x5  
  150  19:02  Zealot x5  
  107  19:21  High Templar  
  107  19:22  Void Ray, High Templar  
  119  19:24  Immortal (Chrono Boost), Zealot x7  
  119  19:25  Zealot  
  125  20:19  Stalker  
  125  20:20  Stalker x5, Probe  
  137  20:21  High Templar x2  
  137  20:22  High Templar  
  136  20:42  Warp Prism (Chrono Boost)  
  132  20:44  Stalker  
  132  20:45  Stalker x6  
  132  20:46  Probe x2  
  128  21:12  Zealot x6  
  128  21:13  Zealot x4  
Tags
 
Add a new tag
Caveats
  • Supply blocks, unpowered buildings, or Contaminate may cause inaccurate times.
  • Supply counts are checked every 10 seconds.